 Dungeon Crawl Stone Soup version 0.25.0-9-g26727b657a (webtiles) character file.

Game seed: 17779996934523655203

75 Delamore the Cudgeler (level 4, -1/28 HPs)
             Began as a Gargoyle Fighter on June 17, 2020.
             Slain by Crazy Yiuf
             ... wielding a +2 quarterstaff of chaos
              (2 damage)
             ... on level 2 of the Dungeon.
             The game lasted 00:02:07 (2194 turns).

Delamore the Cudgeler (Gargoyle Fighter)            Turns: 2194, Time: 00:02:08

Health: -1/28      AC: 11    Str: 20    XL:     4   Next: 31%
Magic:  4/4        EV:  7    Int:  9    God:
Gold:   62         SH:  9    Dex:  9    Spells: 3/3 levels left

rFire    . . .     SeeInvis .   a - +0 flail
rCold    . . .     Gourm    .   c - +0 kite shield
rNeg     + . .     Faith    .   b - +0 scale mail
rPois    ∞         Spirit   .   g - +0 helmet
rElec    +         Reflect  .   (no cloak)
rCorr    .         Harm     .   (no gloves)
MR       .....                  (no boots)
Stlth    ..........             (no amulet)
HPRegen  0.09/turn              (no ring)
MPRegen  0.09/turn              (no ring)

@: no status effects
A: negative energy resistance 1, electricity resistance, unbreathing,
petrification resistance, rot immunity, AC +3
a: no special abilities


You were on level 2 of the Dungeon.
You were hungry.

You visited 1 branch of the dungeon, and saw 2 of its levels.

You collected 62 gold pieces.

Inventory:

Hand Weapons
 a - a +0 flail (weapon)
Armour
 b - a +0 scale mail (worn)
 c - a +0 kite shield (worn)
 g - a +0 helmet (worn)
Jewellery
 n - an uncursed ring of wizardry {unknown}
 q - a cursed ring of attention {unknown}
Scrolls
 h - 4 scrolls of teleportation {unknown}
 k - a scroll of blinking {unknown}
 o - a scroll of identify {unknown}
Potions
 d - a potion of might
 e - 3 potions of curing {unknown}
 i - 2 potions of haste {unknown}
 j - a potion of mutation {unknown}
 m - a potion of berserk rage {unknown}
 p - a potion of degeneration {unknown}
 r - a potion of invisibility {unknown}
Comestibles
 f - 5 rations


   Skills:
 - Level 3.6 Fighting
 + Level 3.8 Maces & Flails
 - Level 3.4 Armour
 - Level 0.3 Dodging
 - Level 3.5 Shields


You had 3 spell levels left.
You didn't know any spells.
Your spell library was empty.

Dungeon Overview and Level Annotations

Branches:
Dungeon (2/15)

Altars:
Nemelex Xobeh

Annotations:
D:2 Crazy Yiuf


Innate Abilities, Weirdness & Mutations

You are resistant to torment.
Your stone body is resilient. (AC +3)
You are immune to poison.
You resist negative energy. (rN+)
You are resistant to electric shocks. (rElec)
You can survive without breathing.
You are immune to petrification.
You are immune to rotting.


Message History

You block Crazy Yiuf's attack.
Crazy Yiuf hits you with a +2 quarterstaff of chaos.
* * * LOW HITPOINT WARNING * * *
Crazy Yiuf freezes you.
* * * LOW HITPOINT WARNING * * *
You sock Crazy Yiuf!
Crazy Yiuf is severely wounded.
Crazy Yiuf hits you with a +2 quarterstaff of chaos.
* * * LOW HITPOINT WARNING * * *
Crazy Yiuf freezes you.
* * * LOW HITPOINT WARNING * * *
You hit Crazy Yiuf.
Crazy Yiuf is almost dead.
Crazy Yiuf hits you but does no damage.
Okay, then.
Okay, then.
You closely miss Crazy Yiuf.
Crazy Yiuf is almost dead.
Crazy Yiuf hits you with a +2 quarterstaff of chaos.
You die...

#####.(##.# #.# #.#
# #..##.####<# #.#
# #........(.# #.#
# #.)######### ###
#####..# .......#
##.###.##### ###
...# #....P##
###..)# ####
#......####@g...#
####
#....P..#..##...#
...# #.#....#.###
### ##.# #.########
.#.# #.#
.#.###.#### ###
.#.....##.#######.#
.#####............#
## #.##.#########


You could see Crazy Yiuf.

Vanquished Creatures
  Robin (D:1)
  A dart slug (D:2)
  4 giant cockroaches
  14 goblins
  14 hobgoblins
  A quokka (D:2)
  A ball python (D:1)
  8 bats
  4 kobolds
  7 rats
55 creatures vanquished.

Notes
Turn   | Place    | Note
-------+----------+-------------------------------------------
     0 | D:1      | Delamore the Gargoyle Fighter began the quest for the Orb.
     0 | D:1      | Reached XP level 1. HP: 14/14 MP: 1/1
   132 | D:1      | Reached XP level 2. HP: 19/19 MP: 2/2
   656 | D:1      | Reached XP level 3. HP: 23/23 MP: 3/3
  1128 | D:2      | Noticed Robin
  1137 | D:1      | Killed Robin
  1247 | D:2      | Reached XP level 4. HP: 23/28 MP: 4/4
  1369 | D:2      | Found a sparkling altar of Nemelex Xobeh.
  1632 | D:2      | Found a runed translucent door.
  1633 | D:2      | Noticed Crazy Yiuf
  2192 | D:2      | HP: 1/28 [Crazy Yiuf/+2 quarterstaff of chaos (1)]
  2194 | D:2      | Slain by Crazy Yiuf

Illustrated notes

Levels and vault maps discovered:
D:1:      minmay_arrival_jagged, layout_basic, chequers_jeans
D:2:      layout_loops_ring, old_standard_altar, serial_co_window_serial,
          co_window_paths_a, co_window_paths_b, co_window_corner_a,
          co_window_corner_a, co_window_paths_a, co_window_corner_cb,
          co_window_paths_c, co_window_of_opportunity_c, glass_columns_a,
          glass_columns_a, uniq_crazy_yiuf_cottage, uniq_robin

Skill      XL: |  1  2  3 |
---------------+----------+-----
Maces & Flails | 3 |  3.8
Fighting       | |  3.6
Armour         | |  3.4
Dodging        | |  0.3
Shields        | |  3.5

Action                   |  1- 3 |  4- 6 || total
-------------------------+-------+-------++-------
Melee: Flail             |   147 |    71 ||   218
  Eat: Chunk             |     1 |     3 ||     4
Armor: Scale mail        |    95 |    41 ||   136
Dodge: Dodged            |    59 |    22 ||    81
Block: Kite shield       |    96 |    35 ||   131
